AoeStats
← Loud Ventrilloquist

Arena

510209925Analyzed
4v4 RM · 2d ago on Sep 30, 2026· 12m 50s· 8 players
Game mode
Random Map
Map size
Large (8 player)
Population
200
Speed
Normal
Resources
Standard
Victory
Conquest
Starting age
Dark Age
Ending age
Imperial Age
RankedLock teamsTeams togetherTeam positionsShared explorationLock speedFull tech treeHidden civsTurbo modeCheats
Victory
Defeat
🇦🇷 Byzantines · Argentina
866
+8
🇦🇷 Spanish · Argentina
843
+9
🇦🇷 Huns · Argentina
829
+9
🇨🇳 Ethiopians · China
631
+17
🇺🇸 Maya · United States
730
-13
🇨🇳 Ethiopians · China
725
-13
🇨🇦 Romans · Canada
662
-10
🇨🇦 Turks · Canada
563
-7
Laxbrody4
Loud Ventrilloquist
0:28 Loom
12:00 Feudal Age
tester78546
0:28 Loom
11:01 Feudal Age
11:51 Double-Bit Axe
爆脆星星堡
12:29 Feudal Age
Uhtred
0:28 Loom
11:54 Feudal Age
JUSTICIA
11:19 Feudal Age
galactus
0:27 Loom
11:28 Feudal Age
WINGER
0:59 Loom
11:43 Feudal Age
Connection lost

Rejoining the realm…

Still unreachable

The connection could not be restored.

Session expired

The server has moved on; the page needs a fresh start.